 Dungeon Crawl Stone Soup version 0.16-a0-3272-g378764d (webtiles) character file.

35 farough the Grave Robber (level 3, -4/19 HPs)
             Began as a Deep Elf Necromancer on Aug 18, 2015.
             Was an Initiate of Vehumet.
             Killed by nerve-wracking pain
             ... invoked by a shadow imp
             ... summoned by farough's ghost
              (8 damage)
             ... on level 3 of the Dungeon.
             The game lasted 00:21:49 (1587 turns).

farough the Grave Robber (Deep Elf Necromancer)     Turns: 1587, Time: 00:21:53

Health: -4/19      AC:  2    Str:  5    XL:     3   Next: 17%
Magic:  7/11       EV: 13    Int: 20    God:    Vehumet [......]
Gold:   119        SH:  0    Dex: 15    Spells: 4 memorised, 1 level left

rFire  . . .     SeeInvis .     g - +1 whip (venom)
rCold  . . .     Clarity  .     a - +0 robe
rNeg   . . .     SustAb   .     (no shield)
rPois  .         Gourm    .     (no helmet)
rElec  .         Spirit   .     (no cloak)
rCorr  .         Warding  .     (no gloves)
rMut   .         Stasis   .     (no boots)
MR     .....                    (no amulet)
Stlth  ++........               (no ring)
                                (no ring)

@: regenerating, not resistant to hostile enchantments, unstealthy
A: no striking features
a: Renounce Religion


You were on level 3 of the Dungeon.
You worshipped Vehumet.
Vehumet was noncommittal.
You were very hungry.

You visited 1 branch of the dungeon, and saw 3 of its levels.

You collected 119 gold pieces.

Inventory:

Hand weapons
 g - a +1 whip of venom (weapon)
Armour
 a - a +0 robe (worn)
 f - a +0 robe
Scrolls
 d - a scroll of remove curse
 m - a scroll of enchant armour {unknown}
 n - a scroll of immolation {unknown}
Potions
 e - a potion of agility
 j - a potion of mutation
Books
 b - a book of Necromancy

   Spells                             Type                      Level
   a - Pain                           Necromancy                   1
   b - Animate Skeleton               Necromancy                   1
   c - Vampiric Draining              Necromancy                   3
   d - Regeneration                   Charms/Necromancy            3
   e - Animate Dead                   Necromancy                   4
   f - Control Undead                 Necromancy                   4
Comestibles
 c - 2 bread rations
 h - 2 slices of pizza
 i - 4 fruits
 k - 4 chunks of flesh
 l - a beef jerky


   Skills:
 + Level 2.8 Dodging
 + Level 2.6 Stealth
 + Level 3.7 Spellcasting
 + Level 5.4 Necromancy


You had one spell level left.
You knew the following spells:

 Your Spells              Type           Power        Failure   Level  Hunger
a - Pain                  Necr           ####         1%          1    None
b - Animate Skeleton      Necr           N/A          1%          1    None
c - Vampiric Draining     Necr           ####......   6%          3    ###....
d - Regeneration          Chrm/Necr      ##........   14%         3    ###....


Dungeon Overview and Level Annotations

Branches:
Dungeon (3/15)

Altars:
Vehumet
Xom

Annotations:
D:2 Ijyb
D:3 farough's ghost, average DESu


Message History

Farough's ghost mumbles some strange words.
The shadow imp hits you.
You whack the quokka!
You kill the quokka!
The quokka's corpse disappears in a puff of smoke!
The quokka disappears in a puff of smoke!
Farough's ghost casts a spell.
The crimson imp blinks!
Your giant newt skeleton bites the rat.
The shadow imp picks up a beetle and eats it.
The shadow imp hits you.
* * * LOW HITPOINT WARNING * * *
The rat closely misses you. Farough's ghost hits you.
* * * LOW HITPOINT WARNING * * *
Casting: Pain
Confirm with . or Enter, or press ? or * to list all spells.
Your skin crawls.
The bat hits you but does no damage.
Your giant newt skeleton misses the rat.
The shadow imp gestures at you. Pain shoots through your body!
You die...

##...#.......
##.....#...#.. ######
#............. #....#
#......#...#..
#....####.............
#......###.>...#######
####b..........##
##§..........# ####
###@Z##.......##....
#bWr5##.............
.....wo##b.#.............
(..§## ##.#.............
... .#............. ..
.#.............
.#.............
.#.............
..#............


You could see a worm, farough's ghost, a shadow imp, an orc, 3 bats, a rat and a
friendly giant newt skeleton.

Vanquished Creatures
  Terence (D:2)
  2 goblins
  2 hobgoblins (D:2)
  4 kobolds
  A quokka (D:3)
  5 bats
  A giant cockroach (D:2)
  3 giant newts
  5 rats
24 creatures vanquished.

Vanquished Creatures (collateral kills)
  2 bats (D:1)
  2 giant newts (D:1)
4 creatures vanquished.

Vanquished Creatures (others)
  4 bat skeletons
  2 giant newt skeletons
  A goblin skeleton (D:3)
  A hobgoblin skeleton (D:2)
  A human skeleton (D:2)
  4 rat skeletons
13 creatures vanquished.

Grand Total: 41 creatures vanquished

Notes
Turn   | Place    | Note
--------------------------------------------------------------
     0 | D:1      | farough, the Deep Elf Necromancer, began the quest for the Orb.
     0 | D:1      | Reached XP level 1. HP: 10/10 MP: 5/5
    80 | D:1      | Learned a level 1 spell: Animate Skeleton
   400 | D:1      | Reached skill level 5 in Necromancy
   699 | D:1      | Reached XP level 2. HP: 15/15 MP: 8/8
   850 | D:2      | Found a shimmering altar of Xom.
   894 | D:2      | Found a shimmering altar of Xom.
   894 | D:2      | Found a shimmering altar of Xom.
   894 | D:2      | Found a shimmering altar of Xom.
   895 | D:2      | Noticed Ijyb
   927 | D:2      | Noticed Terence
   953 | D:2      | Killed Terence
  1057 | D:2      | Reached XP level 3. HP: 5/19 MP: 6/11
  1073 | D:2      | Learned a level 3 spell: Vampiric Draining
  1077 | D:2      | Learned a level 3 spell: Regeneration
  1202 | D:2      | Your ally Terence died
  1515 | D:3      | Found a radiant altar of Vehumet.
  1524 | D:3      | Became a worshipper of Vehumet
  1571 | D:3      | Noticed farough's ghost (average DESu)
  1587 | D:3      | Killed from afar by a shadow imp

Action                   || total
-------------------------++-------
Melee: Unarmed           ||     9
       Whip              ||     4
 Cast: Pain              ||    37
       Animate Skeleton  ||    17
       Regeneration      ||     2
  Use: Scroll            ||     5
  Eat: Chunk             ||     1
